Map: Interloper LE

Players

blacksmith - Winner!

  • Race: Terran Terran
  • League: Silver
  • Spawn Location: 11:00

DirEnGreyfan

  • Race: Terran Terran
  • Spawn Location: 5:00

VOD

Have the link to the VOD?

Description

Time

  • Played on: Aug. 11, 2017, 8:45 a.m.
  • Length: 5:02
Show
View Real Time Build Order
Export as new Build Order

blacksmith Terran - Winner!

Build Orders: Cyclone Opening 

Get SALT Encoding   

  12  0:02  SCV  
  13  0:17  SCV  
  13  0:20  Supply Depot  
  14  0:29  SCV  
  14  0:32  Refinery  
  15  0:42  SCV  
  16  0:47  Barracks  
  16  0:54  SCV  
  17  1:01  Refinery  
  17  1:06  SCV  
  18  1:18  SCV, Supply Depot  
  19  1:34  Orbital Command  
  19  1:38  Barracks Reactor  
  19  1:48  Factory  
  19  1:59  SCV  
  20  2:12  SCV  
  21  2:22  Supply Depot  
  21  2:25  SCV  
  22  2:45  Cyclone x2  
  28  2:56  Starport  
  28  2:58  Marine  
  28  3:01  SCV  
  30  3:05  Supply Depot  
  30  3:13  SCV  
  30  3:19  Cyclone x2  
  37  3:24  Marine  
  38  3:33  Supply Depot  
  38  3:37  Starport Tech Lab  
  38  3:51  Cyclone  
  41  4:16  Cyclone  
  44  4:23  Cyclone  
  47  4:25  Supply Depot  
  50  4:34  Supply Depot  
  50  4:42  Marine  
Show
View Real Time Build Order
Export as new Build Order

DirEnGreyfan Terran 

Build Orders:  

Get SALT Encoding   

  12  0:12  SCV  
  13  0:22  Supply Depot  
  13  0:24  SCV  
  14  0:29  Refinery  
  14  0:39  SCV  
  15  0:52  Barracks  
  15  0:55  SCV  
  16  1:01  Refinery  
  16  1:17  Barracks  
  16  1:22  SCV  
  17  1:38  Supply Depot  
  17  1:40  Reaper  
  17  1:46  SCV  
  19  2:05  Reaper  
  20  2:09  Barracks  
  21  2:15  SCV  
  21  2:23  Reaper  
  22  2:32  Engineering Bay  
  22  2:35  SCV  
  23  2:39  Reaper  
  24  2:50  SCV  
  25  3:05  Supply Depot  
  25  3:10  Reaper  
  25  3:11  Reaper  
  27  3:14  Barracks Reactor  
  27  3:17  SCV  
  28  3:30  SCV  
  29  3:36  Factory  
  29  3:42  SCV  
  29  3:47  Missile Turret  
  30  3:49  Barracks Reactor  
  30  3:54  SCV, Barracks Reactor  
  31  4:09  Marine x2  
  30  4:21  Factory Tech Lab  
  30  4:24  Starport  
  30  4:27  Marine x4  
  34  4:34  Marine x2  
Tags
 
League
Silver
Matchup
TvT
Race
Terran
Spawn Locations
Cross Positions
Add a new tag
Caveats
  • Supply blocks, unpowered buildings, or Contaminate may cause inaccurate times.
  • Supply counts are checked every 10 seconds.